[Event "Late-Titled-Tuesday-Blitz-August-29-2023"]
[Site "Chess.com"]
[Date "2023.08.29"]
[Round "3"]
[White "kiwibobo"]
[Black "protectiago"]
[Result "1-0"]
[WhiteElo "2381"]
[BlackElo "2101"]
[TimeControl "180+1"]
[EndTime "14:27:02 PDT"]
[Termination "kiwibobo won by checkmate"]

1. e4 e5 2. Nf3 Nc6 3. Bb5 a6 4. Ba4 Nf6 5. O-O Nxe4 6. d4 b5 7.
Bb3 d5 8. dxe5 Be6 9. Be3 Bc5 10.
Qd3 O-O 11. c3 Ne7 12. Nbd2 Bxe3 13. Qxe3 Nf5 14. Qe2 Nxd2 15. Qxd2 c5 16. Rad1 Ne7 17. Ng5 h6 18. Nxe6 fxe6 19. Bc2 Qe8 20. f4 Qh5 21. h3 Rad8 22. Qd3 Nf5 23. g4 Qg6 24. Kh2 c4 25. Qe2 Qf7 26. gxf5 exf5 27. Rg1 Rfe8 28. Qf2 Re6 29. Qc5 Qd7 30. Bxf5 Qc6 31. Bxe6+ Qxe6 32.
Qc7 Rc8 33. Qxg7# 1-0

[Event "Late-Titled-Tuesday-Blitz-August-29-2023"]
[Site "Chess.com"]
[Date "2023.08.29"]
[Round "3"]
[White "whiteglovethief"]
[Black "schachlana"]
[Result "1-0"]
[WhiteElo "2443"]
[BlackElo "2261"]
[TimeControl "180+1"]
[EndTime "14:27:05 PDT"]
[Termination "whiteglovethief won by resignation"]

1. d4 Nf6 2. c4 g6 3. Nc3 Bg7 4. e4 d6 5. Nf3 O-O 6. Be2 c5 7. d5 e6 8. h3 exd5 9. cxd5 Re8 10. Nd2 a6 11. a4 Nbd7 12. O-O Rb8 13. Qc2 b6 14.
Nc4 Ne5 15. Nxe5 Rxe5 16. Bf4 Re8 17. Rad1 Nd7 18. Rfe1 Ne5 19. Bf1 Qc7 20. Bh2 c4 21. f4 Nd7 22. Kh1 b5 23. axb5 axb5 24. e5 dxe5 25.
d6 Qc5 26. Ne4 Qb6 27. f5 gxf5 28. Ng3 f4 29. Nf5 Nc5 30. Ne7+ Kh8 31. Bg1 Be6 32.
b4 cxb3 33. Qxc5 Qxc5 34. Bxc5 Bf6 35. d7 Red8 36. Nc6 Bxd7 37. Nxb8 Rxb8 38. Rxd7 b2 39. Rxf7 Rc8 40. Rf8+ Rxf8 41. Bxf8 e4 42. Bxb5 Bc3 43. Rb1 e3 44. Ba3 Kg8 45. Bxb2 Bd2 46. Bc4+ Kf8 47.
Ba3+ Ke8 48. Rb7 Bc3 49. Rxh7 Kd8 50. h4 Kc8 51. h5 Kd8 52. h6 e2 53. Bxe2 1-0

[Event "Late-Titled-Tuesday-Blitz-August-29-2023"]
[Site "Chess.com"]
[Date "2023.08.29"]
[Round "3"]
[White "betta2004"]
[Black "ilushka"]
[Result "1-0"]
[WhiteElo "2559"]
[BlackElo "2362"]
[TimeControl "180+1"]
[EndTime "14:27:06 PDT"]
[Termination "betta2004 won on time"]

1. d4 e6 2. Nc3 Nf6 3. Bg5 c5 4. d5 b5 5. dxe6 fxe6 6. Nxb5 Qb6 7. Bxf6 gxf6 8. e4 a6 9. Qh5+ Kd8 10. Qf3 Be7 11.
Na3 Qxb2 12. Rb1 Qd4 13. c3 Qa4 14. Nc4 Qxa2 15. Rd1 Nc6 16. e5 f5 17. Qxc6 Qc2 18.
Qxa8 Qxc3+ 19. Nd2 Qxe5+ 20. Be2 Kc7 21. Qf3 Bb7 22.
Qg3 f4 23. Qh3 Rg8 24. Ngf3 Bxf3 25. Nxf3 Qe4 26. Kf1 Bf6 27. Qh5 Bd4 28. Rxd4 cxd4 29. Qc5+ Kd8 30. Qxd4 Qb1+ 31. Qd1 Qb6 32. Ne5 d5 33.
Qa4 Ke7 34. g3 1-0

[Event "Late-Titled-Tuesday-Blitz-August-29-2023"]
[Site "Chess.com"]
[Date "2023.08.29"]
[Round "3"]
[White "NMJeevanK"]
[Black "The_Princess_Moon"]
[Result "1-0"]
[WhiteElo "2527"]
[BlackElo "2224"]
[TimeControl "180+1"]
[EndTime "14:27:09 PDT"]
[Termination "NMJeevanK won by resignation"]

1. g3 c5 2. Bg2 Nc6 3. Nf3 d6 4. O-O Nf6 5. d3 h5 6. e4 g6 7.
Bg5 Bg4 8. h3 Be6 9. Nc3 Bg7 10.
Re1 Qd7 11. Kh2 Nd4 12. Nxd4 cxd4 13. Ne2 Nh7 14. Bd2 O-O 15. f4 Qb5 16. b3 Rac8 17. f5 Bd7 18. Nf4 f6 19. fxg6 Ng5 20. Nd5 Rfe8 21.
Qxh5 e6 22. Bxg5 exd5 23. Bxf6 Re7 24. Qh7+ Kf8 25. Bxg7+ Rxg7 26. Rf1+ Ke7 27. Qxg7+ Kd8 28. Rf8+ Kc7 29. Rxc8+ Kxc8 30. Qxd4 Kb8 31. g7 Be6 32. exd5 Bg8 33. Rf1 1-0

[Event "Late-Titled-Tuesday-Blitz-August-29-2023"]
[Site "Chess.com"]
[Date "2023.08.29"]
[Round "3"]
[White "HajiyevKanan"]
[Black "FredddieCroderg"]
[Result "1-0"]
[WhiteElo "2484"]
[BlackElo "2313"]
[TimeControl "180+1"]
[EndTime "14:27:10 PDT"]
[Termination "HajiyevKanan won by checkmate"]

1. d4 d6 2. Nf3 Bd7 3. c4 g6 4. g3 Bg7 5. Bg2 Nf6 6. Ng5 Qc8 7. Bxb7 Qxb7 8. O-O h5 9. d5 h4 10. e4 hxg3 11.
hxg3 c5 12. Nc3 a6 13. f4 Qc8 14. e5 Nh5 15. Kg2 Bg4 16. Qa4+ Kf8 17. e6 f6 18. Nf7 Rh7 19. Qa5 Ra7 20. f5 gxf5 21.
Be3 f4 22. gxf4 f5 23. Rh1 Rb7 24. Rab1 Rc7 25. Na4 Bd4 26. Bd2 Rg7 27. Ng5 Qb7 28. b4 cxb4 29. Rxb4 Qa7 30. Nb6 Be3 31. Bxe3 Nc6 32.
dxc6 Qb8 33. Nd7+ Rxd7 34. Rxb8+ Rd8 35. Rxd8# 1-0

[Event "Late-Titled-Tuesday-Blitz-August-29-2023"]
[Site "Chess.com"]
[Date "2023.08.29"]
[Round "3"]
[White "MBA_CHESS_2021"]
[Black "vladoboch"]
[Result "1-0"]
[WhiteElo "2285"]
[BlackElo "2415"]
[TimeControl "180+1"]
[EndTime "14:27:11 PDT"]
[Termination "MBA_CHESS_2021 won by resignation"]

1. e4 e5 2. Nf3 Nc6 3. Bc4 Nf6 4. d3 h6 5. O-O g5 6. Nc3 d6 7. Nd5 Bg7 8. h3 O-O 9. Nxg5 hxg5 10. Bxg5 Be6 11.
c3 Bxd5 12. exd5 Ne7 13. Qf3 Ng6 14. d4 e4 15. Qe3 Qd7 16. f4 exf3 17. Qxf3 Nh7 18.
Bd2 Rae8 19. Bd3 Re7 20. Rf2 Rfe8 21. Raf1 Nhf8 22. b3 c6 23. Bc4 c5 24. dxc5 Ne5 25. Qg3 Nxc4 26. bxc4 Ng6 27. cxd6 Re2 28. Rxf7 Qxf7 29.
Rxf7 Kxf7 30. d7 Rd8 31. Qf3+ Bf6 32. Qxe2 Rxd7 33. Qe6+ 1-0

[Event "Late-Titled-Tuesday-Blitz-August-29-2023"]
[Site "Chess.com"]
[Date "2023.08.29"]
[Round "3"]
[White "Der_Honigdachs"]
[Black "Mikhail_Bryakin"]
[Result "0-1"]
[WhiteElo "2495"]
[BlackElo "2817"]
[TimeControl "180+1"]
[EndTime "14:27:12 PDT"]
[Termination "Mikhail_Bryakin won on time"]

1. d4 f5 2. Bg5 d5 3. Nf3 Nf6 4.
Bxf6 exf6 5. e3 c6 6. c4 Be6 7. Qc2 Bb4+ 8. Nbd2 Qe7 9. Bd3 g6 10. O-O Nd7 11. a3 Bd6 12. b4 h5 13. b5 h4 14. bxc6 bxc6 15. h3 Kf7 16. Rfb1 Rab8 17. Qa4 Nb6 18. Qa6 dxc4 19. Nxc4 Bc7 20. Nxb6 axb6 21.
Bc4 g5 22. Rc1 g4 23. hxg4 fxg4 24. Nd2 Qd6 25. Bxe6+ Kxe6 26. Qc4+ Kd7 27. Ne4 Qe6 28. Qxe6+ Kxe6 29. Nxf6 c5 30. Nxg4 Bd6 31. dxc5 bxc5 32.
Rab1 Rxb1 33. Rxb1 Ra8 34. Rb3 c4 35. Rc3 Kd5 36.
Nf6+ Ke5 37. Ng4+ Kd5 38. Nf6+ Ke5 39. Nd7+ Kf5 40. Nb6 Rb8 41. Nxc4 Rb1+ 0-1

[Event "Late-Titled-Tuesday-Blitz-August-29-2023"]
[Site "Chess.com"]
[Date "2023.08.29"]
[Round "3"]
[White "Thjop"]
[Black "FaustinoOro"]
[Result "1-0"]
[WhiteElo "2704"]
[BlackElo "2896"]
[TimeControl "180+1"]
[EndTime "14:27:13 PDT"]
[Termination "Thjop won by resignation"]

1. d4 Nf6 2. g3 d5 3. Bg2 e6 4. Nf3 Be7 5. c4 O-O 6. O-O dxc4 7. Qc2 b5 8. a4 b4 9. Nbd2 Bb7 10.
Nxc4 c5 11. dxc5 Bxc5 12. Qd1 Qe7 13. Be3 Bxe3 14. Nxe3 Nbd7 15. Nd4 Bxg2 16. Kxg2 Nc5 17. Nb3 Rfd8 18. Qc2 Nce4 19. Rac1 h5 20. h3 a5 21. Rfd1 Nd6 22. Nc4 Nxc4 23. Rxd8+ Rxd8 24. Qxc4 Rd5 25. e4 Re5 26. Nc5 Qd6 27. Rc2 Rg5 28. Nd3 e5 29. Ne1 Qd1 30. Nf3 Rg6 31. Nh4 Rg5 32. Nf3 Rg6 33.
Rd2 Qc1 34. Qxc1 1-0

[Event "Late-Titled-Tuesday-Blitz-August-29-2023"]
[Site "Chess.com"]
[Date "2023.08.29"]
[Round "3"]
[White "Lion_DL"]
[Black "rasmussvane"]
[Result "0-1"]
[WhiteElo "2516"]
[BlackElo "2970"]
[TimeControl "180+1"]
[EndTime "14:27:14 PDT"]
[Termination "rasmussvane won by resignation"]

1. d4 d5 2. c4 e6 3. cxd5 exd5 4.
Nc3 c6 5. Nf3 Bd6 6. Bg5 Ne7 7.
e3 Bf5 8. Bd3 Bxd3 9. Qxd3 Nd7 10. O-O O-O 11. Rab1 a5 12. a3 Nb6 13. Nd2 Qd7 14. Nb3 Ng6 15. e4 dxe4 16. Nxe4 Nd5 17. Nbc5 Bxc5 18. dxc5 h6 19. Bd2 Rfe8 20. Nd6 Re7 21.
Rfe1 b6 22. Rxe7 Ngxe7 23. b4 axb4 24. axb4 Ng6 25. g3 b5 26. Re1 Qg4 27. Qe4 Qxe4 28. Rxe4 Ra2 29. Rd4 Ne5 30. Kg2 Nc4 31. Nxc4 bxc4 32. b5 c3 33. bxc6 Rxd2 34. Rxd5 Rxd5 0-1

[Event "Late-Titled-Tuesday-Blitz-August-29-2023"]
[Site "Chess.com"]
[Date "2023.08.29"]
[Round "3"]
[White "RIPOL"]
[Black "campochess"]
[Result "1/2-1/2"]
[WhiteElo "2409"]
[BlackElo "2199"]
[TimeControl "180+1"]
[EndTime "14:27:15 PDT"]
[Termination "Game drawn - insufficient material"]

1. d4 c5 2. d5 b5 3. e4 a6 4. a4 b4 5. Nd2 d6 6. Ngf3 g6 7. a5 Bg7 8. Nc4 Nd7 9. Be2 Ngf6 10. Nfd2 O-O 11. O-O Ne8 12. f4 Rb8 13. Nf3 Nc7 14.
Be3 Nb5 15. Qd2 Nf6 16. Bd3 Ng4 17. Kh1 Nxe3 18. Qxe3 Nd4 19. Nxd4 Bxd4 20. Qd2 e6 21. c3 Bg7 22. Nb6 exd5 23. Nxd5 Be6 24. Bc4 Bxd5 25. Bxd5 Qc7 26. Qd3 Rb5 27. Bc4 Rxa5 28. Rxa5 Qxa5 29. cxb4 Qxb4 30. b3 a5 31. f5 a4 32. bxa4 Qxa4 33. fxg6 hxg6 34. Bd5 Qd4 35. Qf3 c4 36. Bxf7+ Rxf7 37.
Qxf7+ Kh7 38. Qd5 c3 39. Qxd4 Bxd4 40. Rc1 Kh6 41. g3 Kg5 42. Kg2 Kf6 43. Kf3 Ke5 44. h4 d5 45. exd5 Kxd5 46. g4 Kc4 47. Ke4 Bf6 48.
h5 gxh5 49. gxh5 Bg5 50. Rc2 Bh6 51. Kf5 Kd3 52. Rxc3+ Kxc3 53. Kg6 Be3 54. h6 Bxh6 1/2-1/2

[Event "Late-Titled-Tuesday-Blitz-August-29-2023"]
[Site "Chess.com"]
[Date "2023.08.29"]
[Round "3"]
[White "korason34"]
[Black "SHIVACalypso"]
[Result "0-1"]
[WhiteElo "2695"]
[BlackElo "2509"]
[TimeControl "180+1"]
[EndTime "14:27:16 PDT"]
[Termination "SHIVACalypso won by resignation"]

1. e4 e6 2. d4 d5 3. Nc3 Nf6 4. e5 Nfd7 5. f4 c5 6. Nf3 Nc6 7. Be3 Be7 8. Qd2 O-O 9. Be2 b6 10.
O-O-O c4 11. g4 b5 12. f5 b4 13. Nb1 c3 14. bxc3 bxc3 15. Qxc3 Nb4 16. Kd2 Nxa2 17. Qa1 Qa5+ 18. c3 Ba6 19. Bxa6 Qxa6 20. Ke1 Nb4 21. Qxa6 Nxa6 22. Nfd2 Nc7 23. Ke2 a5 24.
Rhf1 a4 25. Kd3 a3 26. Nb3 Rfb8 27.
N1d2 Nb6 28. Ra1 Nc4 29. Nxc4 dxc4+ 30. Kxc4 Ra4+ 31. Kd3 Rxb3 32. f6 Bb4 33. Bd2 Nd5 34. Kc4 Rb2 35. Bc1 Bxc3+ 36. Kd3 Rxh2 37. Rxa3 Rxa3 38. Bxa3 gxf6 39. exf6 Rd2+ 40. Ke4 Rxd4+ 0-1

[Event "Late-Titled-Tuesday-Blitz-August-29-2023"]
[Site "Chess.com"]
[Date "2023.08.29"]
[Round "3"]
[White "Lennis93"]
[Black "Vladimir_Zakhartsov"]
[Result "0-1"]
[WhiteElo "2692"]
[BlackElo "2920"]
[TimeControl "180+1"]
[EndTime "14:27:17 PDT"]
[Termination "Vladimir_Zakhartsov won on time"]

1. c4 e6 2. Nf3 d5 3. g3 Nf6 4. Bg2 b6 5. O-O Bb7 6. Ne5 Nbd7 7. Qa4 Bd6 8. d4 O-O 9. Nxd7 Nxd7 10. Nc3 Nf6 11.
Bg5 Be7 12. cxd5 exd5 13. Qb3 c6 14. Rad1 h6 15. Bxf6 Bxf6 16. e4 dxe4 17. Bxe4 Qd7 18. d5 c5 19. d6 Bxe4 20. Nxe4 Bd4 21. Qd5 Rae8 22. Rfe1 Re5 23. Qc4 Rfe8 24. Rxd4 cxd4 25. f3 Qe6 26. Rc1 Qxc4 27. Rxc4 Rd5 0-1

[Event "Late-Titled-Tuesday-Blitz-August-29-2023"]
[Site "Chess.com"]
[Date "2023.08.29"]
[Round "3"]
[White "ExchangeAB"]
[Black "UgarteCesar"]
[Result "1-0"]
[WhiteElo "2427"]
[BlackElo "2269"]
[TimeControl "180+1"]
[EndTime "14:27:20 PDT"]
[Termination "ExchangeAB won by resignation"]

1. d4 d5 2. Nc3 e6 3. Bf4 a6 4.
e3 Bb4 5. Bd3 Nf6 6. Ne2 Nbd7 7.
O-O O-O 8. a3 Bd6 9. Bxd6 cxd6 10. e4 dxe4 11. Nxe4 Nxe4 12. Bxe4 Nf6 13. Bf3 Qc7 14.
c3 Bd7 15. Qb3 Bb5 16. Rfe1 Rab8 17. Nf4 Bc4 18. Qc2 b5 19. h3 e5 20. dxe5 dxe5 21.
Nh5 Nxh5 22. Bxh5 Rbd8 23. Rad1 g6 24. Be2 Be6 25. Rxd8 Rxd8 26. Rd1 Rd6 27. Rxd6 Qxd6 28. Qd1 Qxd1+ 29. Bxd1 Kf8 30. Be2 Ke7 31. a4 Bd7 32.
axb5 axb5 33. f3 Kd6 34. Kf2 Kc5 35. Ke3 f5 36. g4 b4 37. h4 bxc3 38. bxc3 Be6 39.
g5 Bc4 40. Bd1 Kd5 41. Ba4 Ba2 42. Be8 Ke6 43. h5 gxh5 44. Bxh5 Ke7 45. f4 Kd6 46. Be2 Bf7 47. Bd3 Be6 48. Bb1 Bd7 49. Ba2 Bc8 50.
Bg8 exf4+ 51. Kxf4 Kc5 52. Bxh7 Kc4 53. Bxf5 Bb7 54. Ke5 Kxc3 55. g6 Ba6 56. g7 Bc4 57.
Be6 1-0

[Event "Late-Titled-Tuesday-Blitz-August-29-2023"]
[Site "Chess.com"]
[Date "2023.08.29"]
[Round "3"]
[White "Mili_Brizzi"]
[Black "Nick12772"]
[Result "1/2-1/2"]
[WhiteElo "2025"]
[BlackElo "2370"]
[TimeControl "180+1"]
[EndTime "14:27:21 PDT"]
[Termination "Game drawn by repetition"]

1. e4 e6 2. d3 d5 3. Nd2 Nc6 4.
Ngf3 Nf6 5. e5 Nd7 6. d4 f6 7. exf6 Nxf6 8. Bb5 Bd6 9. O-O O-O 10. Re1 Bd7 11.
c3 a6 12. Bxc6 bxc6 13. b4 a5 14. Qb3 axb4 15. cxb4 Qb8 16. Rb1 Qa7 17. Bb2 Qxa2 18. Qc3 Qa4 19. Ba1 Rfb8 20. Ne5 Bxb4 21. Qh3 Bxd2 22. Nxd7 Nxd7 23. Qxe6+ Kf8 24. Qe7+ Kg8 25. Qe6+ Kf8 26. Qe7+ Kg8 27. Rxb8+ Rxb8 28. Qe6+ Kf8 29. Qe7+ Kg8 30. Qe6+ Kf8 31. Qe7+ Kg8 1/2-1/2

[Event "Late-Titled-Tuesday-Blitz-August-29-2023"]
[Site "Chess.com"]
[Date "2023.08.29"]
[Round "3"]
[White "Ajedrez_con_German"]
[Black "superfast64"]
[Result "1-0"]
[WhiteElo "2661"]
[BlackElo "2452"]
[TimeControl "180+1"]
[EndTime "14:27:22 PDT"]
[Termination "Ajedrez_con_German won by resignation"]

1. b3 d5 2. Bb2 Bf5 3. e3 e6 4. Nf3 Nd7 5. d4 c6 6. Bd3 Ngf6 7. O-O Bd6 8. c4 Qe7 9. a4 h6 10. Ba3 Bxa3 11. Nxa3 Bxd3 12. Qxd3 Ne4 13. Nd2 f5 14. f4 Nxd2 15. Qxd2 Nf6 16. Nb1 Ne4 17. Qc2 g5 18. Nc3 gxf4 19. Nxe4 fxe4 20. Rxf4 O-O-O 21. Raf1 Rdf8 22. Qf2 Rxf4 23. Qxf4 h5 24. c5 Rg8 25. Qf6 Qxf6 26. Rxf6 Kd7 27. Rf7+ Kc8 28. Kf2 Rg6 29. Rh7 Rg5 30. Re7 Rg6 31. b4 Kb8 32. b5 cxb5 33. axb5 a5 34. b6 Kc8 35. Re8+ Kd7 36. Ra8 e5 37. Rxa5 exd4 38. exd4 Rf6+ 39. Ke2 Rg6 40. g3 h4 41. Ra3 Kc6 42. Kf2 Rf6+ 43. Kg2 hxg3 44. Rxg3 Kb5 45. Rg7 Kc4 46. Rxb7 e3 47.
Re7 Kd3 48. b7 Rg6+ 49. Kh3 Rg8 50. c6 Ke2 51. c7 Kf3 52. c8=Q Rh8+ 53. Qxh8 1-0

[Event "Late-Titled-Tuesday-Blitz-August-29-2023"]
[Site "Chess.com"]
[Date "2023.08.29"]
[Round "3"]
[White "JoshuaGK27"]
[Black "JSlaby"]
[Result "0-1"]
[WhiteElo "2397"]
[BlackElo "2507"]
[TimeControl "180+1"]
[EndTime "14:27:22 PDT"]
[Termination "JSlaby won on time"]

1. Nf3 g6 2. e4 Bg7 3. d4 c5 4. dxc5 Qa5+ 5. c3 Qxc5 6. Be3 Qc7 7. Be2 Nf6 8. Nbd2 O-O 9. h3 Nc6 10. O-O d5 11. Bd3 e5 12. Re1 h6 13. Bc5 Re8 14.
a4 Be6 15. Qe2 Rad8 16. Ba3 Nh5 17. Bc2 Nf4 18. Qf1 d4 19. cxd4 Nxd4 20. Nxd4 exd4 21. Rac1 Qd7 22. Bd3 a6 23. Nf3 Qxa4 24. Rc7 Qb3 25. Bc4 Bxc4 26. Qxc4 Qxc4 27. Rxc4 d3 28. Rd1 Rd7 29.
Kf1 Red8 30. h4 b5 31. Rc6 a5 32. Bc5 Bxb2 33. Bb6 Ra8 34. Rc5 b4 35. Rxa5 Rxa5 36.
Bxa5 Bc3 37. g3 Ne2 38. Ne1 Bxe1 39. Kxe1 Nc3 40. Rd2 Nxe4 41. Rb2 d2+ 42. Kd1 Nc3+ 0-1

[Event "Late-Titled-Tuesday-Blitz-August-29-2023"]
[Site "Chess.com"]
[Date "2023.08.29"]
[Round "3"]
[White "ArtemDyachuk"]
[Black "el_sporco"]
[Result "0-1"]
[WhiteElo "2574"]
[BlackElo "2436"]
[TimeControl "180+1"]
[EndTime "14:27:23 PDT"]
[Termination "el_sporco won by checkmate"]

1. e4 c5 2. Nf3 d6 3. d4 cxd4 4. Nxd4 Nf6 5. Nc3 a6 6. h3 e6 7. g4 h6 8. Bg2 Be7 9. Be3 Nc6 10.
Qe2 Nxd4 11. Bxd4 e5 12. Be3 Be6 13. O-O Rc8 14. a4 Bc4 15. Qd2 Bxf1 16. Rxf1 O-O 17.
f4 exf4 18. Bxf4 Qb6+ 19. Kh2 Qxb2 20. Rf3 Nxe4 21. Nxe4 Rxc2 22. Rf2 Rxd2 23. Rxd2 Qb4 24. Bg3 Rd8 25. Rf2 d5 26. Nd2 Bd6 27. Nf1 d4 28. Bf3 Qe1 29. Kg2 Bxg3 30. Nxg3 d3 31. Rf1 d2 32. Bd1 Rd3 33. Nh1 Rxh3 34. Nf2 Rh2+ 35. Kxh2 Qxf1 36. Kg3 g6 37. a5 Kg7 38. Bb3 Qb5 39.
Bd1 Qxa5 40. g5 Qxg5+ 41. Kf3 Qf5+ 42. Ke2 Qg5 43. Nd3 f5 44. Kf3 h5 45. Nf4 Qg4+ 46.
Ke3 Qxd1 47. Ne6+ Kf6 48. Nc5 Qg1+ 49. Kxd2 Qxc5 50. Kd3 Qd5+ 51. Ke2 Qe4+ 52. Kd2 h4 53.
Kc3 h3 54. Kd2 h2 55. Kc3 h1=Q 56. Kd2 Qhg2+ 57. Kc3 Qgf3+ 58. Kd2 Qee2+ 59. Kc1 Qff1# 0-1

[Event "Late-Titled-Tuesday-Blitz-August-29-2023"]
[Site "Chess.com"]
[Date "2023.08.29"]
[Round "3"]
[White "Irishchessman16"]
[Black "AlexOstrovskiy"]
[Result "1-0"]
[WhiteElo "2511"]
[BlackElo "2672"]
[TimeControl "180+1"]
[EndTime "14:27:24 PDT"]
[Termination "Irishchessman16 won by resignation"]

1. Nf3 b5 2. e4 a6 3. d4 Bb7 4. Bd3 e6 5. a4 b4 6. O-O c5 7. dxc5 Bxc5 8. b3 Ne7 9. Bb2 O-O 10. Nbd2 Nbc6 11. Nc4 d5 12. exd5 Qxd5 13. Re1 Rad8 14. Qe2 Nd4 15. Bxd4 Bxd4 16. Rad1 f5 17. Qxe6+ Qxe6 18.
Rxe6 Bxf3 19. gxf3 Ng6 20. Rd6 Bc5 21. Rxa6 Nf4 22. Kf1 Nh3 23. Ne3 Nxf2 24. Kxf2 f4 25. Ke2 fxe3 26. Rc6 Bd4 27. Bc4+ Kh8 28. Re6 g6 29. Re4 Bc5 30. Rxd8 Rxd8 31. Bd3 Kg7 32. Rc4 Rd5 33. a5 Rh5 34. h4 Kf6 35. a6 Re5 36. Be4 Ke7 37. Rxc5 Rxc5 38. a7 1-0

[Event "Late-Titled-Tuesday-Blitz-August-29-2023"]
[Site "Chess.com"]
[Date "2023.08.29"]
[Round "3"]
[White "viktorskliarov"]
[Black "simplerXiao"]
[Result "0-1"]
[WhiteElo "2685"]
[BlackElo "2508"]
[TimeControl "180+1"]
[EndTime "14:27:24 PDT"]
[Termination "simplerXiao won by resignation"]

1. e4 c5 2. Nf3 e6 3. c3 Nf6 4. Bd3 Nc6 5. Bc2 d5 6. e5 Nd7 7.
d4 g6 8. a3 a5 9. h4 h5 10. Ng5 Be7 11. Nxe6 Qb6 12. Nxc5 Nxc5 13. dxc5 Bxc5 14. O-O Be6 15. Nd2 Nxe5 16. Nb3 Be7 17. Bf4 Nc6 18. Bg3 a4 19. Nd4 Nxd4 20. cxd4 O-O 21.
Re1 Bf6 22. Be5 Bxh4 23. Rb1 Bd7 24. Qf3 Rac8 25. Bd3 Bc6 26. g3 Bg5 27. Kg2 Qd8 28.
Rh1 f6 29. Bf4 Kg7 30. Bxg6 h4 31. Bf5 Bd7 32. Qxd5 Bc6 33. Qxc6 Rxc6 34. Bxg5 fxg5 35. Be4 Re6 36. Bxb7 Qxd4 37. Rbd1 Qxf2+ 0-1

[Event "Late-Titled-Tuesday-Blitz-August-29-2023"]
[Site "Chess.com"]
[Date "2023.08.29"]
[Round "3"]
[White "jamengrand"]
[Black "burbur555"]
[Result "0-1"]
[WhiteElo "2345"]
[BlackElo "2553"]
[TimeControl "180+1"]
[EndTime "14:27:24 PDT"]
[Termination "burbur555 won by resignation"]

1. c4 c6 2. g3 d5 3. Bg2 Nf6 4. Nf3 Bf5 5. cxd5 cxd5 6. d3 Nc6 7. O-O e6 8. Nc3 Be7 9. h3 h6 10. Bd2 O-O 11. Rc1 e5 12. e4 dxe4 13. Nh4 Be6 14. dxe4 Nb4 15. Nf5 Nd3 16. Nxe7+ Qxe7 17. Rb1 Rfd8 18.
Qf3 Rac8 19. Rfd1 Bc4 20. Bf1 Nb4 21. Bxc4 Rxc4 22. a3 Nc2 23. Qe2 Rc7 24. Nb5 Rcd7 25. Bc3 Nd4 26. Bxd4 exd4 27. Nxa7 d3 28. Qe3 Nxe4 29. Nb5 Qe6 30. Kh2 Qf5 31. Nc3 Nxf2 32. Rf1 Qxh3+ 33. Kg1 Ng4 34. Qd2 Re7 35. Qg2 Qxg2+ 36.
Kxg2 Ne3+ 0-1

[Event "Late-Titled-Tuesday-Blitz-August-29-2023"]
[Site "Chess.com"]
[Date "2023.08.29"]
[Round "3"]
[White "newyorkmouse"]
[Black "psychokiller48"]
[Result "0-1"]
[WhiteElo "2482"]
[BlackElo "2694"]
[TimeControl "180+1"]
[EndTime "14:27:25 PDT"]
[Termination "psychokiller48 won by checkmate"]

1. Nf3 Nf6 2. d3 d5 3. g3 g6 4. Bg2 Bg7 5. O-O O-O 6. c4 c6 7. e3 dxc4 8. dxc4 Qxd1 9. Rxd1 Bg4 10. h3 Bxf3 11. Bxf3 Na6 12. Nc3 Rfd8 13. Bd2 Rd7 14. Be1 Rad8 15. Rxd7 Rxd7 16. Rd1 Nb4 17. Rxd7 Nxd7 18.
Be4 Nc5 19. Bb1 Nbd3 20. Ne4 Bxb2 21. Nxc5 Nxc5 22. Bb4 Na4 23. Bc2 Nb6 24. Bb3 e6 25. Kf1 Bg7 26. Ke2 Bf8 27. Kd3 Bxb4 28. Ke4 f5+ 29. Ke5 Kf7 30. c5 Nd7+ 31. Kd6 Nxc5 32. Bd1 Ne4+ 33. Kc7 Nxf2 34. Be2 Nxh3 35. Kxb7 Bc5 36.
Kxc6 Bxe3 37. Kd6 Kf6 38. Bc4 Ng5 39. a4 Bf2 40. Kd7 Bxg3 41. a5 Be1 42. Bf1 Bxa5 43.
Kc6 Bb6 44. Kb5 h5 45. Kc4 Ke5 46. Kb3 Kf4 47. Be2 Ke3 48. Bd1 h4 49. Bc2 h3 50.
Kb2 h2 51. Kb1 h1=Q+ 52. Kb2 Bd4+ 53. Kb3 Qb7+ 54. Ka4 Bc5 55. Ka5 Qb6+ 56. Ka4 Qb4# 0-1

[Event "Late-Titled-Tuesday-Blitz-August-29-2023"]
[Site "Chess.com"]
[Date "2023.08.29"]
[Round "3"]
[White "ZuraTqebuchava"]
[Black "Real_taiatai"]
[Result "0-1"]
[WhiteElo "2161"]
[BlackElo "2525"]
[TimeControl "180+1"]
[EndTime "14:27:30 PDT"]
[Termination "Real_taiatai won on time"]

1. e4 e5 2. Nf3 Nc6 3. Bb5 a6 4.
Ba4 Nf6 5. O-O d6 6. h3 Bd7 7. Re1 g6 8. c3 Bg7 9. d4 O-O 10.
Bg5 h6 11. Bxf6 Bxf6 12. Bxc6 Bxc6 13. dxe5 dxe5 14. Qe2 Qe7 15. Nbd2 Rad8 16. Rad1 Rd7 17. Nb3 Rfd8 18. Rxd7 Rxd7 19. Qe3 h5 20. Nc5 Rd8 21. Kh2 a5 22. Re2 b6 23. Nb3 Rd7 24. Rd2 Qd8 25. Rxd7 Qxd7 26. Qd2 Qe6 27. Nc1 Bxe4 28. Ne1 Bc6 29. a3 Qd6 30. Qxd6 cxd6 31. c4 a4 32. Ncd3 e4 33. Nb4 Bd7 34. Nd5 Bxb2 35. Nxb6 Bc6 36. Nc2 Kg7 37. Kg1 Kf6 38. Kf1 Ke5 39. Ke2 h4 40.
Ke3 f5 41. Nb4 Bb7 42. Nxa4 Bxa3 43. Nc2 Bc5+ 44. Nxc5 f4+ 45. Kd2 dxc5 46. Kc3 e3 47. fxe3 Bxg2 48. exf4+ Kxf4 49. Ne1 Bxh3 50. Nd3+ Kg3 51.
Nxc5 Bg2 52. Nd7 h3 0-1

[Event "Late-Titled-Tuesday-Blitz-August-29-2023"]
[Site "Chess.com"]
[Date "2023.08.29"]
[Round "3"]
[White "WildBizon"]
[Black "vi_pranav"]
[Result "0-1"]
[WhiteElo "2723"]
[BlackElo "2961"]
[TimeControl "180+1"]
[EndTime "14:27:35 PDT"]
[Termination "vi_pranav won on time"]

1. e4 e5 2. Nf3 Nc6 3. Bb5 a6 4. Ba4 Nf6 5. O-O b5 6. Bb3 Bc5 7. a4 Rb8 8. c3 d6 9. d4 Bb6 10.
axb5 axb5 11. Na3 Bg4 12. Nxb5 O-O 13. Bc2 Bxf3 14. gxf3 Nh5 15. Kh1 Qf6 16. Be3 Nf4 17.
Rg1 Ne7 18. Rg3 Neg6 19. Na3 Ne6 20. d5 Nef4 21. Nc4 h6 22. Nxb6 cxb6 23. Ra6 b5 24. Bd3 Nh4 25. Bf1 Rfd8 26. Rg4 Nhg6 27. Rg3 Kh7 28.
Ra5 b4 29. c4 Qe7 30. c5 dxc5 31. Bxc5 Qc7 32. Qa4 b3 33. Rg1 Nh4 34. d6 Rxd6 35.
Bxd6 Qxd6 36. Ra6 Qd2 37. Ra7 Nxf3 38. Rg3 Qxf2 39. Rxf3 Qxf3+ 40. Kg1 Rb6 0-1

[Event "Late-Titled-Tuesday-Blitz-August-29-2023"]
[Site "Chess.com"]
[Date "2023.08.29"]
[Round "3"]
[White "GameOverBro"]
[Black "Rinqed222"]
[Result "1-0"]
[WhiteElo "2466"]
[BlackElo "2240"]
[TimeControl "180+1"]
[EndTime "14:27:35 PDT"]
[Termination "GameOverBro won on time"]

1. e4 e6 2. d4 d5 3. Nd2 c5 4. exd5 Qxd5 5. Ngf3 cxd4 6. Bc4 Qd8 7. Nb3 Nc6 8. Nbxd4 Nxd4 9. Nxd4 Nf6 10. Be3 a6 11.
Qf3 Qc7 12. Bb3 Bd6 13. O-O-O O-O 14. Kb1 Bd7 15. h4 a5 16. a4 e5 17. Nf5 e4 18.
Qh3 g6 19. Nh6+ Kg7 20. g4 Bf4 21. Bd4 Be5 22. Be3 Bf4 23. Qg2 Bxe3 24. fxe3 Bc6 25. g5 Nd7 26. h5 Nc5 27. Qf2 Qe5 28. Ng4 Qxg5 29. Nf6 1-0

[Event "Late-Titled-Tuesday-Blitz-August-29-2023"]
[Site "Chess.com"]
[Date "2023.08.29"]
[Round "3"]
[White "BlackBoarder"]
[Black "mistrzemi"]
[Result "1-0"]
[WhiteElo "2741"]
[BlackElo "2352"]
[TimeControl "180+1"]
[EndTime "14:27:36 PDT"]
[Termination "BlackBoarder won on time"]

1. e4 e6 2. d4 d5 3. Bd3 dxe4 4. Bxe4 Nf6 5. Bf3 c5 6. Ne2 Nc6 7. Be3 cxd4 8. Nxd4 Ne5 9. Nc3 Be7 10. Qe2 Nxf3+ 11. Qxf3 O-O 12. O-O-O Qa5 13. g4 Bb4 14. g5 Nd5 15.
Nxd5 exd5 16. Kb1 Be6 17. h4 Qa6 18. h5 Rae8 19. h6 f5 20. hxg7 Kxg7 21. Qh5 Bg8 22.
Bf4 Qg6 23. Qh3 Re4 24. Qg3 Rfe8 25. f3 R4e7 26. Qh3 Bd6 27. Nxf5+ 1-0